 Dungeon Crawl Stone Soup version 0.19.5 (webtiles) character file.

8355 lundt the Carver (level 11, 0/86 HPs)
             Began as a Vampire Berserker on Mar 11, 2017.
             Was a High Priest of Trog.
             Slain by a hill giant
             ... wielding a +0 giant club
              (23 damage)
             ... on level 11 of the Dungeon.
             The game lasted 01:06:58 (9102 turns).

lundt the Carver (Vampire Berserker)                Turns: 9102, Time: 01:06:58

Health: 0/86       AC: 23    Str: 21    XL:     11   Next: 8%
Magic:  11/11      EV: 15    Int:  9    God:    Trog [*****.]
Gold:   281        SH:  0    Dex: 18    Spells: 0 memorised, 10 levels left

rFire  . . .     SeeInvis +     b - +5 scimitar (flame)
rCold  . . .     Gourm    .     x - +9 chain mail of Happiness {MR+ Str+5}
rNeg   + . .     Faith    .     (no shield)
rPois  .         Spirit   .     o - +1 helmet
rElec  .         Reflect  .     r - +0 cloak
rCorr  .         Harm     .     e - +0 pair of gloves
MR     ++++.                    (no boots)
Stlth  ..........               (no amulet)
                                w - ring of protection from magic
                                p - +2 ring of evasion

@: no status effects
A: fangs 3, see invisible, magic resistance 1, unbreathing
a: Bat Form, Berserk, Trog's Hand, Brothers in Arms, Burn Spellbooks, Renounce
Religion


You were on level 11 of the Dungeon.
You worshipped Trog.
Trog was extremely pleased with you.
You were not thirsty.

You visited 1 branch of the dungeon, and saw 10 of its levels.
You also visited: Ossuary.

You collected 578 gold pieces.
You spent 297 gold pieces at shops.

Inventory:

Hand Weapons
 b - a +5 scimitar of flaming (weapon)
Armour
 e - a +0 pair of gloves (worn)
 o - a +1 helmet (worn)
 r - a +0 cloak (worn)
 x - the +9 chain mail of Happiness (worn) {MR+ Str+5}
   (You found it on level 4 of the Dungeon)

   It affects your strength (+5).
   It affects your resistance to hostile enchantments.
Jewellery
 p - a +2 ring of evasion (left hand)
 w - a ring of protection from magic (right hand)
Wands
 a - a wand of lightning (3/15)
 B - a wand of enslavement (23/24)
Scrolls
 g - a scroll of noise {unknown}
 h - a scroll of amnesia
 j - 2 scrolls of fog {unknown}
 k - 3 scrolls of teleportation
 n - 2 scrolls of enchant armour
 q - a scroll of fear
 t - a scroll of vulnerability
 u - a scroll of recharging
 y - a scroll of immolation
 z - 3 scrolls of remove curse
Potions
 c - 10 potions of blood
 f - a potion of brilliance {unknown}
 i - 2 potions of flight
 l - 2 potions of agility
 m - a potion of haste
 s - 4 potions of curing
 v - 4 potions of might


   Skills:
 - Level 8.1 Fighting
   Level 4.0(8.2) Short Blades
 * Level 10.2(10.4) Long Blades
 + Level 5.4 Armour
 + Level 9.2 Dodging
 - Level 6.0 Stealth


You had 10 spell levels left.
You didn't know any spells.

Dungeon Overview and Level Annotations

Branches:
Dungeon (11/15)              Lair (0/6) D:8             Orc (0/2) D:11
 Temple: D:4-7

Altars:
Cheibriados
Dithmenos
Okawaru
Qazlal
Trog
Uskayaw
The Shining One
Beogh

Shops:
D:7 !   D:9 [


Innate Abilities, Weirdness & Mutations

You have razor-sharp teeth.
You have supernaturally acute eyesight. (SInv)
You can survive without breathing.
You are resistant to hostile enchantments. (MR+)


Message History

The hill giant is lightly wounded.
The hill giant barely misses you.
You riposte.
You slash the hill giant! You burn the hill giant.
The hill giant is moderately wounded.
You are feeling thirsty.
You slash the hill giant! You burn the hill giant.
The hill giant is heavily wounded.
The hill giant hits you with a giant club!!
* * * LOW HITPOINT WARNING * * *
You slash the hill giant! You burn the hill giant. You bite the hill giant!
You draw the hill giant's blood!
You feel better.
The hill giant is almost dead.
You hit the hill giant. You burn the hill giant.
The hill giant is almost dead.
The hill giant hits you with a giant club!
* * * LOW HITPOINT WARNING * * *
Your chain mail of Happiness prevents you from hitting the hill giant.
The hill giant is almost dead.
The hill giant hits you with a giant club!!
You die...

..#..[..........####.....
##......(....### ##....
###............# #....
#..............# #...#
#..............# #####
#...........(..#
###(..........##
#..(............
#......C@.........#
#...<...........<.#
###...............#
####..............#
####.................#
#...........†........#
#.................##
#...###............#
#####........>.....#


You could see a hill giant.

Vanquished Creatures
  Erolcha (D:10)
  A hydra (D:11)
  Erica (D:9)
  The ghost of letownia the Thaumaturge, a novice DDNe of Gozag (D:9)
  2 hill giants (D:10)
  A cyclops (D:11)
  3 trolls
  A hippogriff (D:9)
  4 yaks
  Eustachio (D:5)
  An orc warrior (D:9)
  5 ice beasts
  A phantom (D:9)
  2 necrophages
  A sky beast (D:8)
  2 ogres
  2 centaurs (D:10)
  A big kobold (D:10)
  6 bullfrogs
  A scorpion (D:11)
  2 centaur zombies (Ossuary)
  4 crimson imps
  7 hounds
  A human zombie (Ossuary)
  A jelly (D:7)
  3 orc priests
  6 orc wizards
  Jessica (D:2)
  A bullfrog skeleton (D:5)
  Ijyb (D:3)
  An iguana (D:9)
  3 worker ants
  A big kobold zombie (Ossuary)
  A hound skeleton (D:8)
  2 mummies (Ossuary)
  7 adders
  2 shadow imps
  An ooze (D:1)
  An adder skeleton (D:4)
  4 adder zombies
  2 worms
  A leopard gecko (D:10)
  50 orcs
  8 bats
  12 giant cockroaches
  10 hobgoblins
  13 jackals
  3 quokkas
  5 frilled lizards
  11 goblins
  3 goblin zombies (Ossuary)
  10 hobgoblin zombies (Ossuary)
  A jackal zombie (Ossuary)
  10 kobolds
  12 kobold zombies (Ossuary)
  3 orc zombies (Ossuary)
  A quokka skeleton (D:5)
  4 rats
  A rat zombie (Ossuary)
  A fungus (D:8)
  A plant (D:8)
250 creatures vanquished.

Vanquished Creatures (others)
  An orc priest (D:9)
  3 fungi (D:8)
  A plant (D:8)
  4 toadstools (D:1)
9 creatures vanquished.

Grand Total: 259 creatures vanquished

Notes
Turn   | Place    | Note
-------+----------+-------------------------------------------
     0 | D:1      | lundt the Vampire Berserker began the quest for the Orb.
     0 | D:1      | Reached XP level 1. HP: 17/17 MP: 1/1
   110 | D:1      | Reached skill level 1 in Stealth
   199 | D:1      | Reached XP level 2. HP: 23/23 MP: 2/2
   865 | D:2      | Reached XP level 3. HP: 20/28 MP: 3/3
  1077 | D:2      | Noticed Jessica
  1083 | D:2      | Killed Jessica
  1204 | D:2      | Reached ** piety under Trog
  1204 | D:2      | Reached XP level 4. HP: 34/34 MP: 4/4
  1205 | D:2      | Reached skill level 5 in Stealth
  1351 | D:2      | Found a faded altar of an unknown god.
  2258 | D:2      | Reached XP level 5. HP: 40/40 MP: 5/5
  2659 | D:3      | Noticed Ijyb
  2681 | D:3      | Killed Ijyb
  3240 | D:4      | Reached XP level 6. HP: 47/47 MP: 6/6
  3414 | D:4      | Reached *** piety under Trog
  3433 | D:4      | Reached skill level 1 in Long Blades
  3558 | D:4      | Reached skill level 5 in Dodging
  3573 | D:4      | Found an iron altar of Okawaru.
  3627 | D:4      | Got a twisted chain mail
  3628 | D:4      | Identified the +9 chain mail of Happiness {MR+ Str+5} (You found it on level 4 of the Dungeon)
  3872 | D:4      | Found a hide-covered altar of Uskayaw.
  3922 | D:5      | Entered Level 5 of the Dungeon
  3970 | D:5      | Noticed Eustachio
  3994 | D:5      | Killed Eustachio
  3994 | D:5      | Reached skill level 2 in Long Blades
  3994 | D:5      | Reached XP level 7. HP: 33/53 MP: 7/7
  4204 | D:5      | Reached skill level 3 in Long Blades
  4266 | D:5      | Found a stormy altar of Qazlal.
  4266 | D:5      | Found a snail-covered altar of Cheibriados.
  4294 | D:5      | Noticed a troll
  4305 | D:5      | Killed a troll
  4402 | D:5      | Found a shadowy altar of Dithmenos.
  4422 | D:5      | Reached XP level 8. HP: 60/60 MP: 8/8
  4518 | D:5      | You fall through a shaft for 3 floors!
  4546 | D:8      | Found a staircase to the Lair.
  4555 | D:8      | Reached skill level 4 in Long Blades
  4665 | D:8      | Found a sand-covered staircase.
  4682 | Ossuary  | Entered an ossuary
  4771 | Ossuary  | Reached **** piety under Trog
  5141 | D:8      | Reached skill level 5 in Long Blades
  5151 | D:8      | Reached skill level 5 in Fighting
  5158 | D:8      | Got a translucent dagger {pierce}
  5159 | D:8      | Identified the +1 dagger "Pymnesk" {pierce, Int+3} (You took it off an orc on level 8 of the Dungeon)
  5208 | D:8      | You fall through a shaft for 3 floors!
  5294 | D:11     | Noticed a deep elf mage
  5311 | D:10     | Entered Level 10 of the Dungeon
  5313 | D:10     | Noticed a hill giant
  5330 | D:10     | Killed a hill giant
  5330 | D:10     | Reached skill level 6 in Long Blades
  5330 | D:10     | Reached XP level 9. HP: 28/69 MP: 9/9
  5742 | D:9      | Reached skill level 7 in Long Blades
  5758 | D:9      | Noticed a troll
  5764 | D:9      | Killed a troll
  5882 | D:9      | Noticed letownia's ghost (novice DDNe)
  5937 | D:9      | Reached ***** piety under Trog
  6477 | D:9      | Found a roughly hewn altar of Beogh.
  6560 | D:9      | Found Gigecwy's Armour Shoppe.
  6565 | D:9      | Reached skill level 8 in Long Blades
  6739 | D:9      | Gained mutation: You are resistant to hostile enchantments. (MR+) [potion of mutation]
  6739 | D:9      | Gained mutation: You are dopey. (Int -2) [potion of mutation]
  6739 | D:9      | Lost mutation: You are dopey. (Int -2) [potion of mutation]
  6812 | D:9      | Noticed Erica
  6828 | D:9      | Reached XP level 10. HP: 79/79 MP: 10/10
  6839 | D:9      | Killed Erica
  6878 | D:9      | Killed letownia's ghost
  7267 | D:9      | Found a glowing golden altar of the Shining One.
  7788 | D:7      | Found Qoaceyluhe's Distillery.
  7796 | D:7      | Bought a potion of curing for 33 gold pieces
  7796 | D:7      | Bought 2 potions of might for 88 gold pieces
  7796 | D:7      | Bought a potion of curing for 33 gold pieces
  7796 | D:7      | Bought a potion of curing for 33 gold pieces
  7796 | D:7      | Bought a potion of haste for 110 gold pieces
  8007 | D:8      | Found a bloodstained altar of Trog.
  8164 | D:8      | You fall through a shaft for 3 floors!
  8164 | D:11     | Noticed a cyclops
  8164 | D:11     | Noticed a seven-headed hydra
  8165 | D:11     | Noticed a hill giant
  8165 | D:11     | Noticed a hill giant
  8539 | D:10     | Reached skill level 9 in Long Blades
  8566 | D:10     | Noticed Erolcha
  8581 | D:10     | Killed Erolcha
  8687 | D:10     | Noticed a hill giant
  8697 | D:10     | Killed a hill giant
  8697 | D:10     | Reached skill level 5 in Armour
  8944 | D:11     | Found a staircase to the Orcish Mines.
  9009 | D:11     | Killed a cyclops
  9031 | D:11     | Killed a four-headed hydra
  9031 | D:11     | Reached skill level 10 in Long Blades
  9031 | D:11     | Reached XP level 11. HP: 49/86 MP: 11/11
  9102 | D:11     | Slain by a hill giant

Skill      XL: |  1  2  3  4  5  6  7  8  9 10 |
---------------+-------------------------------+-----
Stealth        | 2 3 4 6 |  6.0
Dodging        | 3 4 5 6 7 9 |  9.2
Fighting       | 3 4 6 7 8 |  8.1
Short Blades   | 4 |  4.0
Long Blades    | 2 3 6 8 10 | 10.2
Armour         | 2 3 5 |  5.4

Action                   |  1- 3 |  4- 6 |  7- 9 | 10-12 || total
-------------------------+-------+-------+-------+-------++-------
Melee: Short sword       |    70 |   287 |       |       ||   357
       Bite              |     7 |    33 |    64 |    16 ||   120
       Great sword       |       |    67 |   292 |    28 ||   387
       Scimitar          |       |       |       |   100 ||   100
Invok: Berserk           |     1 |     4 |     6 |     1 ||    12
       Trog's Hand       |       |     3 |     2 |       ||     5
 Abil: End Transformatio |       |       |       |     1 ||     1
       Bat Form          |       |       |       |     1 ||     1
Evoke: Wand              |       |       |       |     3 ||     3
  Use: Potion            |     1 |    13 |    20 |     8 ||    42
       Scroll            |       |     4 |    15 |     6 ||    25
 Stab: Sleeping          |     1 |       |       |       ||     1
       Confused          |       |       |     1 |       ||     1
Armor: Animal skin       |     4 |       |       |       ||     4
       Chain mail        |    21 |   252 |   188 |    51 ||   512
Dodge: Dodged            |    34 |   270 |   271 |    75 ||   650
       Rpst.: Great sword |       |    14 |    77 |     3 ||    94
       Scimitar          |       |       |       |    19 ||    19
